 Dungeon Crawl Stone Soup version 0.21-a0-140-g479285b (webtiles) character file.

251 sscrono2 the Sneak (level 6, 0/42 HPs)
             Began as an Octopode Assassin on July 20, 2017.
             Killed from afar by tehllama's ghost (22 damage)
             ... with a stone arrow
             ... on level 3 of the Dungeon.
             The game lasted 00:02:00 (2052 turns).

sscrono2 the Sneak (Octopode Assassin)              Turns: 2052, Time: 00:02:01

Health: 0/42       AC:  1    Str: 12    XL:     6   Next: 13%
Magic:  6/6        EV: 14    Int: 14    God:
Gold:   80         SH:  0    Dex: 13    Spells: 5/5 levels left

rFire    . . .     SeeInvis .   q - +0 long sword (elec)
rCold    . . .     Gourm    .   (no shield)
rNeg     . . .     Faith    .   (helmet restricted)
rPois    .         Spirit   .   (no amulet)
rElec    .         Reflect  .   (no ring)
rCorr    .         Harm     .   (no ring)
MR       .....                  (no ring)
Stlth    ++++......             (no ring)
HPRegen  0.14/turn              (no ring)
MPRegen  0.10/turn              (no ring)
                                (no ring)
                                (no ring)

@: no status effects
A: almost no armour, stealthy swim, amphibious, 8 rings, constrict 8, camouflage
1, gelatinous body 1
a: no special abilities


You were on level 3 of the Dungeon.
You were not hungry.

You visited 1 branch of the dungeon, and saw 3 of its levels.

You collected 80 gold pieces.

Inventory:

Hand Weapons
 a - a +2 dagger
 b - a +0 blowgun
 q - a +0 long sword of electrocution (weapon)
Missiles
 c - 8 poisoned needles
 d - 2 curare-tipped needles
Jewellery
 g - a +5 ring of dexterity {unknown}
Wands
 r - a wand of random effects (31/48)
Scrolls
 k - a scroll of noise {unknown}
 l - 3 scrolls of identify {unknown}
 n - a scroll of recharging {unknown}
 o - 3 scrolls of magic mapping {unknown}
Potions
 e - a potion of flight {unknown}
 h - 2 potions of curing {unknown}
 j - a potion of might {unknown}
 m - a potion of lignification {unknown}
 p - a potion of magic {unknown}
Comestibles
 f - a bread ration
 i - 2 meat rations


   Skills:
 + Level 3.2 Fighting
 * Level 4.2 Short Blades
 - Level 2.0 Throwing
 + Level 2.7 Dodging
 + Level 6.4 Stealth


You had 5 spell levels left.
You didn't know any spells.

Dungeon Overview and Level Annotations

Branches:
Dungeon (3/15)

Altars:
Dithmenos
Nemelex Xobeh

Annotations:
D:3 tehllama's ghost, amateur GrEE


Innate Abilities, Weirdness & Mutations

You cannot wear most types of armour.
You are very stealthy in the water. (Stealth+)
You are amphibious.
You can wear up to eight rings at the same time.
You can use your tentacles to constrict eight enemies at once.
Your skin changes colour to match your surroundings (Stealth+).
Your rubbery body absorbs attacks. (AC +1, EV +1)


Message History

q - a +0 long sword of electrocution (weapon)
You start waiting.
Tehllama's ghost turns its malevolent gaze towards you.
Evoke which item? (* to show all) (? for menu, Esc to quit)
Aiming: Random Effects (will waste charges)
Press: ? - help, Shift-Dir - straight line, f - tehllama's ghost
Aim: tehllama's ghost Tehllama's ghost seems to speed up.
Evoking this partially-identified wand wasted a few charges.
Tehllama's ghost casts a spell at you. The stone arrow misses you.
Tehllama's ghost gestures at you while chanting.
The blast of sand hits you!
Tehllama's ghost points at you and mumbles some strange words.
The stone arrow hits you!
Tehllama's ghost lets out a mournful wail.
Tehllama's ghost casts a spell at you. The stone arrow hits you!
Ouch! That really hurt!
You die...

#.# #.#
#..#
##.# #.#
#...
#.<# #.#
##. #.##
#.# #.##
#W#
#..##
#.#
##..#
#.#
##.###.#
#...#@##
###....#
#....#
##...#
#...#
#####


You could see tehllama's ghost.

Vanquished Creatures
  Sigmund (D:2)
  Terence (D:2)
  Jessica (D:2)
  An ooze (D:1)
  A worm (D:2)
  A dart slug (D:1)
  A leopard gecko (D:1)
  A giant cockroach (D:2)
  7 goblins
  4 hobgoblins
  7 bats
  5 kobolds
  2 rats (D:2)
33 creatures vanquished.

Notes
Turn   | Place    | Note
-------+----------+-------------------------------------------
     0 | D:1      | sscrono2 the Octopode Assassin began the quest for the Orb.
     0 | D:1      | Reached XP level 1. HP: 14/14 MP: 1/1
   381 | D:1      | Reached XP level 2. HP: 19/19 MP: 2/2
   697 | D:1      | Reached XP level 3. HP: 20/25 MP: 3/3
  1075 | D:2      | Found a shadowy altar of Dithmenos.
  1277 | D:2      | Noticed Sigmund
  1284 | D:2      | Killed Sigmund
  1284 | D:2      | Reached skill level 6 in Stealth
  1284 | D:2      | Reached XP level 4. HP: 31/31 MP: 4/4
  1284 | D:2      | Reached XP level 5. HP: 36/36 MP: 5/5
  1508 | D:2      | Noticed Terence
  1513 | D:2      | Killed Terence
  1519 | D:2      | Found a sparkling altar of Nemelex Xobeh.
  1519 | D:2      | Noticed Jessica
  1525 | D:2      | Killed Jessica
  1525 | D:2      | Reached XP level 6. HP: 21/42 MP: 6/6
  2019 | D:3      | Noticed tehllama's ghost (amateur GrEE)
  2052 | D:3      | Killed from afar by tehllama's ghost

Vault maps used:
D:1:      nagdon_arrival_double_spiral
D:2:      nicolae_dithmenos_shadow_blocks, nemelex_lonely_heart_becter,
          uniq_terence, uniq_sigmund, uniq_jessica
D:3:      first_bread

Skill      XL: |  1  2  3  4  5 |
---------------+----------------+-----
Fighting       | 3 |  3.2
Short Blades   | 3 4 |  4.2
Dodging        | 2 |  2.7
Stealth        | 6 |  6.4
Throwing       | |  2.0

Action                   |  1- 3 |  4- 6 || total
-------------------------+-------+-------++-------
Melee: Dagger            |    40 |    14 ||    54
       Constrict         |     9 |     3 ||    12
       Tentacles         |     7 |     1 ||     8
Evoke: Wand              |       |     1 ||     1
 Stab: Sleeping          |    10 |     5 ||    15
  Eat: Chunk             |     1 |     2 ||     3
Armor: Skin              |     1 |       ||     1
Dodge: Dodged            |    14 |     4 ||    18
